 Dungeon Crawl Stone Soup version 0.29.0 (webtiles) character file.

Game seed: 13565785455801893057

69262 Jonnyslop the Fencer (level 14, -7/135 HPs)
             Began as a Minotaur Fighter on Sept 12, 2022.
             Was the Champion of the Shining One.
             Mangled by an ettin
             ... wielding a +0 dire flail
              (24 damage)
             ... on level 1 of the Orcish Mines.
             The game lasted 00:50:34 (29278 turns).

Jonnyslop the Fencer (Minotaur Fighter)            Turns: 29278, Time: 00:50:34

Health: -7/135     AC: 23    Str: 29    XL:     14   Next: 89%
Magic:  21/21      EV:  8    Int: 11    God:    the Shining One [******]
Gold:   2180       SH:  5    Dex: 11    Spells: 13/13 levels left

rFire   + . .      SeeInvis +   D - +1 scimitar (flame)
rCold   . . .      Faith    .   c - +1 buckler
rNeg    + + +      Spirit   .   K - +0 plate armour
rPois   .          Reflect  .   y - +2 hat {SInv}
rElec   .          Harm     .   (no cloak)
rCorr   .          Rampage  .   F - +2 pair of gloves {Str+3}
Will    ++...                   T - +0 pair of boots
Stlth   ..........              M - amulet of Moderation {Acrobat +Blink Int+4 Dex-2}
HPRegen 0.32/turn               G - ring of Atsek {rN+ Will+ Int+2 Dex+3}
MPRegen 0.17/turn               x - ring of protection from fire

@: glowing, studying Invocations
A: horns 2, retaliatory headbutt
a: Renounce Religion, Evoke Blink, Divine Shield, Cleansing Flame, Summon Divine
Warrior, Brand Weapon With Holy Wrath


You were on level 1 of the Orcish Mines.
You worshipped the Shining One.
The Shining One was exalted by your worship.
You visited 4 branches of the dungeon, and saw 21 of its levels.
You also visited: Gauntlet.

You collected 2180 gold pieces.

Inventory:

Hand Weapons
 a - a +1 vorpal long sword
 D - a +1 scimitar of flaming (weapon)
 H - a +1 long sword of freezing
 I - a +2 longbow of flaming
Missiles
 d - a throwing net (quivered)
 r - 23 poisoned darts
 t - 5 curare-tipped darts
Armour
 c - a +1 buckler (worn)
 y - a +2 hat of see invisible (worn)
 F - a +2 pair of gloves of strength (worn)
 K - a +0 plate armour (worn)
 T - a +0 pair of boots (worn)
Jewellery
 m - a ring of protection from fire
 n - a ring of ice
 x - a ring of protection from fire (right hand)
 C - a ring of magical power
 G - the ring of Atsek (left hand) {rN+ Will+ Int+2 Dex+3}
   (You took it off a minotaur in a Gauntlet)

   [ring of positive energy]

   Int:       It affects your intelligence (+2).
   Dex:       It affects your dexterity (+3).
   rN:        It protects you from negative energy.
   Will:      It increases your willpower.
 L - a ring of magical power
 M - the amulet of Moderation (around neck) {Acrobat +Blink Int+4 Dex-2}
   (You found it in a Gauntlet)

   [amulet of the acrobat]

   It increases your evasion while moving and waiting.
   Int:       It affects your intelligence (+4).
   Dex:       It affects your dexterity (-2).
   +Blink:    It lets you blink.
 N - a ring of wizardry
 W - a ring of resist corrosion
Wands
 s - a wand of mindburst (6)
 v - a wand of paralysis (10)
 w - a wand of iceblast (14)
 B - a wand of polymorph (10)
 E - a wand of quicksilver (3)
 O - a wand of digging (5)
 S - a wand of flame (8)
Scrolls
 b - 4 scrolls of enchant armour
 f - 4 scrolls of poison
 i - a scroll of teleportation
 j - 10 scrolls of identify
 l - 7 scrolls of summoning
 o - 4 scrolls of fog
 q - 3 scrolls of magic mapping
 J - 2 scrolls of enchant weapon
 Q - a scroll of fear
 R - a scroll of brand weapon
Potions
 e - 2 potions of curing
 g - 6 potions of attraction
 h - 4 potions of resistance
 k - 3 potions of lignification
 p - 3 potions of mutation
 u - 6 potions of flight
 z - 6 potions of brilliance
 A - 2 potions of cancellation
 P - 2 potions of berserk rage
 U - a potion of invisibility


   Skills:
 + Level 15.2 Fighting
 * Level 20.5 Long Blades
 + Level 14.1 Armour
 - Level 3.6 Shields
 + Level 11.4 Invocations


You had 13 spell levels left.
You didn't know any spells.
Your spell library contained the following spells:

 Spells                   Type           Power      Damage    Failure   Level
 Beastly Appendage        Tmut           0%         N/A       95%         1
 Magic Dart               Conj           0%         1d3       95%         1
 Call Imp                 Summ           0%         N/A       99%         2
 Sublimation of Blood     Necr           0%         N/A       99%         2
 Wereblood                Tmut           0%         N/A       99%         2
 Call Canine Familiar     Summ           0%         N/A       100%        3
 Gell's Gravitas          Tloc           0%         N/A       100%        3
 Mephitic Cloud           Conj/Pois/Air  0%         N/A       100%        3
 Ozocubu's Armour         Ice            0%         N/A       100%        3
 Portal Projectile        Hex/Tloc       0%         N/A       100%        3
 Spider Form              Tmut/Pois      0%         N/A       100%        3
 Stone Arrow              Conj/Erth      0%         3d7       100%        3
 Teleport Other           Tloc           0%         N/A       100%        3
 Animate Armour           Summ/Erth      0%         N/A       100%        4
 Leda's Liquefaction      Hex/Erth       0%         N/A       100%        4
 Petrify                  Tmut/Erth      0%         N/A       100%        4
 Summon Lightning Spire   Summ/Air       0%         N/A       100%        4
 Irradiate                Conj/Tmut      0%         3d11      100%        5
 Metabolic Englaciation   Hex/Ice        0%         N/A       100%        5
 Dispersal                Tloc           0%         N/A       100%        6
 Simulacrum               Ice/Necr       0%         N/A       100%        6
 Malign Gateway           Summ/Tloc      0%         N/A       100%        7
 Storm Form               Tmut/Air       0%         N/A       100%        7
 Lehudib's Crystal Spear  Conj/Erth      0%         10d2      100%        8
 Maxwell's Capacitive Co  Air            0%         ∞         100%        8
 Summon Horrible Things   Summ           0%         N/A       100%        8


Dungeon Overview and Level Annotations

Branches:
Dungeon (14/15)            Temple (1/1) D:5            Lair (5/5) D:10
  Swamp (0/4) Lair:3        Snake (0/4) Lair:3        Slime (0/5) Lair:4
    Orc (1/2) D:10        Gauntlet (visited)
 Vaults: D:13-14

Altars:
Ashenzari
Cheibriados
Dithmenos
Elyvilon
Fedhas
Gozag
Hepliaklqana
Kikubaaqudgha
Makhleb
Nemelex Xobeh
Okawaru
Qazlal
Ru
Sif Muna
Trog
Uskayaw
Vehumet
Wu Jian
Xom
Yredelemnul
Zin
The Shining One
Jiyva
Lugonu

Shops:
D:8 :

Portals:
Abyss: Lair:5

Annotations:
D:8 exclusions: basilisk and electric eel
D:9 2 transporters, Estrea's ghost, novice GrEE


Innate Abilities, Weirdness & Mutations

You have a pair of horns on your head.
You reflexively headbutt those who attack you in melee.


Message History

The ettin hits you with a +0 dire flail!
You hit the ettin. You burn the ettin.
The ettin is heavily wounded.
The ettin hits you with a +0 dire flail.
You block the ettin's attack.
You hit the ettin but do no damage.
The ettin is heavily wounded.
You hit the ettin. You burn the ettin.
You headbutt the ettin, but do no damage.
The ettin is severely wounded.
The ettin hits you but does no damage.
The ettin hits you with a +0 dire flail!!
You hit the ettin but do no damage. You headbutt the ettin.
The ettin is severely wounded.
The ettin hits you with a +0 dire flail!!! x2
* * * LOW HITPOINT WARNING * * *
You hear a shout! x3
You are too injured to fight recklessly!
You are too injured to fight recklessly!
You are too injured to fight recklessly!
You are too injured to fight recklessly!
You are too injured to fight recklessly!
You are too injured to fight recklessly!
You are too injured to fight recklessly!
You are too injured to fight recklessly!
You are too injured to fight recklessly!
You are too injured to fight recklessly!
You are too injured to fight recklessly!
You are too injured to fight recklessly!
You hit the ettin. You burn the ettin.
The ettin is severely wounded.
You hit the ettin but do no damage. You headbutt the ettin!
The ettin is almost dead.
You block the ettin's attack.
The ettin hits you with a +0 dire flail.
* * * LOW HITPOINT WARNING * * *
You hit the ettin but do no damage.
The ettin is almost dead.
The ettin hits you with a +0 dire flail!!
You die...

##.........))...#........##..###
##.....##..)...#.......###......
#....#####...###.......#.......
##...# #...##........#.......
##.## ##.#.....##......# ###
##......#####..##
######....#......#
##...#.........#......
#...###@C.....##......#
##........_.....##......
##..............## ##...#
##......>.......## ..##
#.....#....#.#### ..
#....###.....# #....###.....#
##....#...#### #........#


You could see an ettin.

Vanquished Creatures
  Gastronok (Lair:1)
  Nessos (D:12)
  A minotaur (Gauntlet)
  Snorg (Lair:5)
  Josephine (Lair:5)
  9 hydras
  A boulder beetle (D:11)
  3 centaur warriors (D:13)
  A ghost crab (Gauntlet)
  6 two-headed ogres
  9 death yaks
  A tengu warrior (D:14)
  2 thrashing horrors (Lair:5)
  Sonja (D:13)
  3 skeletal warriors (D:11)
  Pikel (D:7)
  A deep elf pyromancer (D:14)
  8 ugly things
  2 black mambas
  2 cyclopes
  9 elephants (Lair:5)
  A centaur zombie (D:10)
  A guardian serpent (shapeshifter) (Lair:5)
  3 centaur skeletons (D:10)
  9 cane toads
  Psyche (D:9)
  11 komodo dragons
  An efreet (D:14)
  3 ancient zymes (Lair:5)
  2 rime drakes
  4 trolls
  3 polar bears
  A hornet (D:9)
  18 blink frogs
  7 dream sheep (Lair:5)
  A jumping spider (shapeshifter) (D:13)
  4 ynoxinuls (Lair:5)
  2 shadows
  A centaur simulacrum (D:10)
  5 spriggans
  Sigmund (D:4)
  4 wyverns
  11 wraiths
  A large abomination (Lair:5)
  6 humans (D:9)
  3 basilisks
  27 yaks
  3 steam dragons
  2 chaos spawn (Lair:5)
  8 vampire mosquitoes
  4 nagas (Lair:3)
  Edmund (D:4)
  A harpy simulacrum (Gauntlet)
  17 water moccasins
  A meliai simulacrum (Gauntlet)
  A sky beast (D:6)
  4 orc warriors
  A black bear (Lair:4)
  4 ogres
  An ice beast (D:5)
  21 wolves
  An ice dragon simulacrum (Gauntlet)
  10 centaurs
  11 small abominations (Lair:5)
  2 lemures (D:7)
  3 phantoms
  4 kobold brigands
  9 bullfrogs
  2 scorpions
  3 gnoll sergeants
  A troll zombie (D:10)
  An electric eel (Lair:5)
  5 howler monkeys
  2 jellies
  7 orc priests
  3 hounds
  Ijyb (D:5)
  4 iguanas
  11 orc wizards
  8 hell rats
  7 ogre zombies (D:10)
  5 adders
  15 gnolls
  3 white imps
  An ufetubus (D:5)
  A worm (D:2)
  44 orcs
  7 ball pythons
  7 endoplasms
  2 giant cockroaches
  13 goblins
  5 hobgoblins
  3 quokkas
  3 bats
  4 frilled lizards
  A goblin skeleton (D:10)
  3 goblin zombies (D:10)
  4 hobgoblin zombies (D:10)
  21 kobolds
  4 orc skeletons (D:10)
  13 orc zombies (D:10)
  A rat (D:3)
519 creatures vanquished.

Vanquished Creatures (others)
  36 fungi
  81 plants
117 creatures vanquished.

Grand Total: 636 creatures vanquished

Notes
Turn   | Place    | Note
-------+----------+-------------------------------------------
     0 | D:1      | Jonnyslop the Minotaur Fighter began the quest for the Orb.
     0 | D:1      | Reached XP level 1. HP: 19/19 MP: 0/0
    90 | D:1      | Found a faded altar of an unknown god.
    95 | D:1      | Reached skill level 3 in Long Blades
    95 | D:1      | Reached XP level 2. HP: 20/27 MP: 1/1
   745 | D:2      | Reached XP level 3. HP: 30/33 MP: 2/2
   974 | D:2      | Reached skill level 4 in Long Blades
  1040 | D:2      | Found a stormy altar of Qazlal.
  1916 | D:3      | Reached XP level 4. HP: 41/41 MP: 3/3
  1982 | D:3      | Found a sacrificial altar of Ru.
  2217 | D:4      | Reached skill level 5 in Long Blades
  2315 | D:4      | Noticed Edmund
  2324 | D:4      | Killed Edmund
  2325 | D:4      | Reached skill level 5 in Fighting
  2325 | D:4      | Reached skill level 6 in Long Blades
  2325 | D:4      | Reached XP level 5. HP: 47/48 MP: 4/4
  2477 | D:4      | Noticed Sigmund
  2493 | D:4      | Killed Sigmund
  2494 | D:4      | Reached skill level 7 in Long Blades
  2494 | D:4      | Reached XP level 6. HP: 46/57 MP: 5/5
  2728 | D:4      | Found a glowing drain.
  2795 | D:4      | Found a stormy altar of Qazlal.
  2844 | D:5      | Entered Level 5 of the Dungeon
  2930 | D:5      | Reached XP level 7. HP: 30/63 MP: 6/6
  3129 | D:5      | Reached skill level 8 in Long Blades
  3267 | D:5      | Found a staircase to the Ecumenical Temple.
  3306 | Temple   | Entered the Ecumenical Temple
  3380 | D:5      | Noticed Ijyb
  3390 | D:5      | Paralysed by Ijyb for 2 turns
  3660 | Temple   | Reached skill level 9 in Long Blades
  3897 | D:5      | Reached XP level 8. HP: 34/73 MP: 7/7
  3908 | D:5      | Killed Ijyb
  4546 | D:6      | Found a shadowy altar of Dithmenos.
  4548 | D:6      | Found a sparkling altar of Nemelex Xobeh.
  4548 | D:6      | Found a hazy altar of Hepliaklqana.
  4553 | D:6      | Found an iron altar of Okawaru.
  4553 | D:6      | Found a glowing silver altar of Zin.
  4554 | D:6      | Found a glowing golden altar of the Shining One.
  4583 | D:6      | Became a worshipper of the Shining One
  4662 | D:6      | Found a basalt altar of Yredelemnul.
  4683 | D:6      | Reached skill level 10 in Long Blades
  4688 | D:6      | Reached skill level 1 in Invocations
  5291 | D:6      | Reached skill level 5 in Armour
  6374 | D:7      | Reached XP level 9. HP: 59/81 MP: 9/9
  6436 | D:7      | Reached skill level 11 in Long Blades
  6622 | D:7      | Noticed Pikel
  6643 | D:7      | Killed Pikel
  6916 | D:7      | Reached * piety under the Shining One
  7586 | D:8      | Reached skill level 12 in Long Blades
  7895 | D:8      | Found an opulent altar of Gozag.
  8758 | D:8      | Found Hoivig's Tremendous Tomes.
  9207 | D:9      | Found a radiant altar of Vehumet.
  9237 | D:9      | Noticed Psyche
  9249 | D:9      | Killed Psyche
  9250 | D:9      | Reached XP level 10. HP: 58/91 MP: 12/12
  9296 | D:9      | Identified the +6 chain mail "Heuqig" {Dex+4}
  9590 | D:9      | Reached skill level 13 in Long Blades
  9608 | D:9      | Found a transporter.
  9611 | D:9      | Noticed Estrea's ghost (novice GrEE)
  9626 | D:9      | Reached skill level 5 in Invocations
 10007 | D:9      | Found a transporter.
 10020 | D:9      | Found the +18 Lear's hauberk
 10102 | D:9      | Reached ** piety under the Shining One
 10330 | D:10     | Entered Level 10 of the Dungeon
 10341 | D:10     | Noticed a death yak
 10341 | D:10     | Noticed a death yak
 10342 | D:10     | Found a staircase to the Lair.
 10342 | D:10     | Noticed a death yak
 10345 | D:10     | Reached skill level 10 in Fighting
 10364 | D:9      | Killed a death yak
 10449 | D:9      | Killed a death yak
 10716 | D:9      | Killed a death yak
 10963 | D:10     | Reached skill level 14 in Long Blades
 11109 | D:10     | Reached *** piety under the Shining One
 11140 | D:10     | Reached **** piety under the Shining One
 11155 | D:10     | Reached XP level 11. HP: 100/101 MP: 14/14
 11183 | D:10     | Found a staircase to the Orcish Mines.
 11188 | D:10     | Reached ***** piety under the Shining One
 11358 | D:10     | Noticed a two-headed ogre
 11374 | D:10     | Killed a two-headed ogre
 11375 | D:10     | Noticed a white ugly thing
 11388 | D:10     | Killed a white ugly thing
 11915 | D:11     | Noticed a two-headed ogre
 11918 | D:11     | Killed a two-headed ogre
 11935 | D:11     | Noticed a boulder beetle
 11949 | D:11     | Reached skill level 15 in Long Blades
 11972 | D:11     | Killed a boulder beetle
 12048 | D:11     | Noticed a skeletal warrior
 12048 | D:11     | Noticed a two-headed ogre
 12048 | D:11     | Noticed a skeletal warrior
 12052 | D:11     | Noticed a skeletal warrior
 12059 | D:11     | Killed a two-headed ogre
 12074 | D:11     | Killed a skeletal warrior
 12080 | D:11     | Killed a skeletal warrior
 12107 | D:11     | Killed a skeletal warrior
 12108 | D:11     | Reached skill level 10 in Armour
 12692 | D:11     | Reached XP level 12. HP: 100/112 MP: 16/16
 12944 | D:12     | Noticed a two-headed ogre
 12950 | D:12     | Killed a two-headed ogre
 13220 | D:12     | Noticed Nessos
 13223 | D:12     | Reached skill level 16 in Long Blades
 13250 | D:12     | Killed Nessos
 14011 | D:12     | Noticed a five-headed hydra
 14740 | D:13     | Noticed Sonja
 14785 | D:13     | Killed Sonja
 15353 | D:13     | Noticed a centaur warrior
 15360 | D:13     | Killed a centaur warrior
 15475 | D:13     | You fall into a shaft and drop 1 floor!
 15523 | D:14     | Reached ****** piety under the Shining One
 15564 | D:14     | Noticed a six-headed hydra
 15845 | D:13     | Reached skill level 17 in Long Blades
 15867 | D:13     | Noticed an eight-headed hydra
 15869 | D:13     | Noticed a centaur warrior
 15870 | D:13     | Noticed a centaur warrior
 15899 | D:13     | Killed a centaur warrior
 15901 | D:13     | HP: 1/113 [nine-headed hydra (7)]
 16425 | D:14     | Noticed a tengu warrior
 16429 | D:14     | Noticed a tengu warrior
 16438 | D:14     | Killed a tengu warrior
 16845 | D:13     | Killed a five-headed hydra
 16860 | D:13     | Killed a centaur warrior
 17028 | D:14     | Killed a three-headed hydra
 17203 | D:12     | Reached XP level 13. HP: 98/122 MP: 18/18
 17782 | Lair:1   | Entered Level 1 of the Lair of Beasts
 17962 | Lair:1   | Noticed Gastronok
 17978 | Lair:1   | Killed Gastronok
 18563 | Lair:1   | Reached skill level 18 in Long Blades
 18868 | Lair:2   | Found a gate leading to a gauntlet.
 18878 | Gauntlet | Entered a Gauntlet
 18878 | Gauntlet | Found a transporter.
 18965 | Gauntlet | Found a transporter.
 18967 | Gauntlet | Found a transporter.
 18970 | Gauntlet | Found a transporter.
 18970 | Gauntlet | Found a transporter.
 18971 | Gauntlet | Found a transporter.
 18982 | Gauntlet | Found a transporter.
 18983 | Gauntlet | Found a transporter.
 18995 | Gauntlet | Found the amulet of the Air {Inacc Air Fly rElec RMsl}
 18996 | Gauntlet | Noticed an entropy weaver
 18999 | Gauntlet | Found a transporter.
 19016 | Gauntlet | Found a transporter.
 19020 | Gauntlet | Found a transporter.
 19024 | Gauntlet | Found a runed translucent door.
 19024 | Gauntlet | Found a runed translucent door.
 19028 | Gauntlet | Found a transporter.
 19177 | Gauntlet | Identified the amulet of Moderation {Acrobat +Blink Int+4
                  | Dex-2}
 19368 | Gauntlet | Identified the ring of Atsek {rN+ Will+ Int+2 Dex+3}
 19368 | Gauntlet | Noticed a minotaur
 19394 | Gauntlet | Killed a minotaur
 21389 | Lair:3   | Found a staircase to the Snake Pit.
 21446 | Lair:3   | Found a staircase to the Swamp.
 21664 | Lair:3   | Reached skill level 10 in Invocations
 22098 | Lair:4   | Found a viscous altar of Jiyva.
 22098 | Lair:4   | Found a staircase to the Slime Pits.
 23019 | Lair:4   | Reached skill level 19 in Long Blades
 23287 | Lair:4   | HP: 4/124 [spriggan/+0 short sword (6)]
 23290 | Lair:4   | Reached XP level 14. HP: 3/132 MP: 20/20
 24652 | Lair:5   | Entered Level 5 of the Lair of Beasts
 25472 | Lair:5   | Noticed Snorg
 25480 | Lair:5   | Killed Snorg
 26281 | Lair:5   | Noticed Josephine
 26289 | Lair:5   | Killed Josephine
 26293 | Lair:5   | Reached skill level 20 in Long Blades
 26450 | Lair:5   | The Shining One protects you from harm!
 27085 | Lair:5   | Reached skill level 15 in Fighting
 27944 | Lair:5   | Found a corrupted altar of Lugonu.
 27944 | Lair:5   | Found a one-way gate to the infinite horrors of the Abyss.
 28315 | Orc:1    | Entered Level 1 of the Orcish Mines
 29278 | Orc:1    | Mangled by an ettin

Illustrated notes

Levels and vault maps discovered:
D:1:      wheals_arrival_shading, layout_basic, shapermc_ecumenical_altar_venn
D:2:      layout_basic, serial_aquarium, aquarium_bridge_square
          [aquarium_subvault_window, aquarium_subvault_wall,
          aquarium_subvault_bridge, aquarium_subvault_bridge],
          aquarium_bridge_straight [aquarium_subvault_bridge,
          aquarium_subvault_window, aquarium_subvault_bridge,
          aquarium_subvault_wall], aquarium_window_1,
          aquarium_window_corridor_2, aquarium_window_corner, aquarium_view_2b,
          aquarium_view_2b, basic_altar, minivault_26, kennysheep_nondescript
D:3:      layout_rooms, nicolae_overflow_hidden_temple, corner_web_ring
D:4:      layout_basic, grunt_qazlal_clouds, portal_sewer_entry_e, uniq_edmund,
          uniq_sigmund
D:5:      layout_rooms, minmay_temple_entry_sparse_star, serial_bayou_lagoon_a,
          minmay_statues_item, st_stairs_12, uniq_ijyb
D:6:      layout_basic, old_standard_altar, grunt_temple_overflow_open,
          minmay_ogre_servants
D:7:      layout_cave_pools, uniq_pikel
D:8:      layout_basic, kennysheep_mini, nicolae_shop_i_like_big_books,
          chequers_serial_rivers_micro_a, hangedman_abyss_or_decor_stagger,
          disabler_island
D:9:      layout_basic, fiery_altar_vehumet, gammafunk_ghost_stat_death,
          minmay_ruffians, uniq_psyche
D:10:     layout_roguey, dpeg_lair_monsters, zombieorc2_lemuel,
          hangedman_weighted_door
D:11:     layout_loops_ring
D:12:     layout_grid_maze, uniq_nessos
D:13:     layout_basic, minmay_fractal_squares_gapless_5, uniq_sonja
D:14:     layout_cave_pools, hangedman_vaults_entry_quadrant_bands,
          amcnicky_mini_pool_small
Temple:   nicolae_temple_ecumenical_triangle
Lair:1:   layout_cave_pods, uniq_gastronok
Lair:2:   layout_big_grid, gauntlet_entry_generic,
          grunt_forest_large_clearing_hut
Lair:3:   layout_layer_cave, swamp_mist, guppyfry_snake_entry_garden,
          nicolae_lair_grove_arrangements, nicolae_lair_lil_pond
Lair:4:   layout_roguey, slime_entry_1, forest_entry_grove
Lair:5:   hellmonk_lair_end_abyssal_woods, layout_regular_city, serial_rivers,
          chequers_serial_rivers_micro_c, chequers_serial_rivers_micro_e,
          chequers_serial_rivers_large_a, chequers_serial_rivers_room_a,
          chequers_serial_rivers_large_b, serial_bayou_pond_b, uniq_josephine,
          uniq_snorg
Orc:1:    layout_diamond_mine, basic_altar

Skill      XL: |  1  2  3  4  5  6  7  8  9 10 11 12 13 14 |
---------------+-------------------------------------------+-----
Long Blades    | 3 4 6 7 9 10 12 14 15 17 19 20 | 20.5
Fighting       | 4 5 6 7 8 9 10 11 13 14 15 | 15.2
Armour         | 5 7 8 10 11 12 14 | 14.1
Invocations    | 2 4 6 7 9 10 11 | 11.4
Shields        | |  3.6

Action                   |  1- 3 |  4- 6 |  7- 9 | 10-12 | 13-15 || total
-------------------------+-------+-------+-------+-------+-------++-------
Melee: Long sword        |    80 |    85 |   322 |   598 |       ||  1085
       Headbutt          |    13 |    18 |    64 |   210 |   301 ||   606
       Scimitar          |       |       |       |    35 |   899 ||   934
  Use: Scroll            |     9 |       |    10 |     7 |     9 ||    35
       Potion            |       |     2 |     5 |     5 |     4 ||    16
Armor: Scale mail        |    26 |       |       |       |       ||    26
       Plate armour      |     3 |    52 |   246 |    14 |   378 ||   693
       Chain mail        |       |       |       |   501 |   122 ||   623
Dodge: Dodged            |    28 |    29 |   101 |   251 |   346 ||   755
Block: Buckler           |    15 |    23 |   102 |   173 |   183 ||   496
